 Dungeon Crawl Stone Soup version 0.18.1-50-g88ac8fd (webtiles) character file.

762948 theElss the Gargoyle Barricade (level 27, -3/179 HPs)
             Began as a Gargoyle Berserker on Oct 22, 2016.
             Was the Champion of Trog.
             Slain by an acid blob (19 damage)
             ... on level 4 of the Pits of Slime on Oct 24, 2016.
             The game lasted 07:29:25 (110549 turns).

theElss the Gargoyle Barricade (GrBe)             Turns: 110549, Time: 07:29:25

Health: -3/179     AC: 50    Str: 27      XL:     27
Magic:  25/31      EV: 10    Int: 12      God:    Trog [******]
Gold:   7970       SH: 28    Dex:  4 (5)  Spells: 0 memorised, 26 levels left

rFire  + + +     SeeInvis +     w - +8 flail "Ovvop" {freeze, rElec rPois rF+++ Str-2}
rCold  + . .     Gourm    +     f - +11 gold dragon armour
rNeg   + . .     Faith    .     I - +2 large shield
rPois  ∞         Spirit   .     l - +2 helmet {Int+3}
rElec  +         Dismiss  .     V - +2 cloak
rCorr  +         Reflect  .     H - +1 pair of gloves
SustAt .         Harm     .     A - +2 pair of boots {run}
MR     ++...                    O - amulet of the gourmand
Stlth  ..........               h - ring of see invisible
                                E - ring of resist corrosion

@: exhausted, corroded, flying, slowed, very slow, very resistant to hostile
enchantments, extremely unstealthy
A: big wings, blurry vision 3, clumsy 2, deterioration 2, dopey 1, frail 1, low
mp 1, negative energy resistance 1, screaming 1, electricity resistance, weak 1,
unbreathing, petrification resistance, no device heal 1, rot immunity, subdued
magic 2, MP-powered wands, AC +20
a: Stop Flying, Berserk, Trog's Hand, Brothers in Arms, Burn Spellbooks,
Renounce Religion
}: 3/15 runes: serpentine, barnacled, silver


You were on level 4 of the Pits of Slime.
You worshipped Trog.
Trog was exalted by your worship.
You were not hungry.

You visited 11 branches of the dungeon, and saw 60 of its levels.
You visited the Abyss 3 times.
You visited 1 bazaar.
You also visited: Ice Cave and Wizlab.

You collected 9606 gold pieces.
You spent 1636 gold pieces at shops.

Inventory:

Hand Weapons
 j - the +7 lajatang of Order {silver, rMut}
   (You found it on level 4 of the Depths)

   It protects you from mutation.
 k - the +5 short sword "Mesua" {venom, *Contam rF+ Str+4 Stlth+}
   (Trog gifted it to you on level 8 of the Dungeon)

   It poisons the flesh of those it strikes.
   It affects your strength (+4).
   It protects you from fire.
   It causes magical contamination when unequipped.
   It makes you more stealthy.
 w - the +8 flail "Ovvop" (weapon) {freeze, rElec rPois rF+++ Str-2}
   (You found it on level 3 of the Crypt)

   It has been specially enchanted to freeze those struck by it, causing extra
   injury to most foes and up to half again as much damage against particularly
   susceptible opponents.
   It can also slow down cold-blooded creatures.
   It affects your strength (-2).
   It renders you almost immune to fire.
   It insulates you from electricity.
   It protects you from poison.
Armour
 f - a +11 gold dragon armour (worn)
 l - a +2 helmet of intelligence (worn)
 y - the +3 warlock's mirror {reflect}
   (You bought it in a shop in a bazaar)
 A - a +2 pair of boots of running (worn)
 H - a +1 pair of gloves (worn)
 I - a +2 large shield (worn)
 V - a +2 cloak (worn)
Jewellery
 d - an uncursed ring of positive energy
 h - a ring of see invisible (right hand)
 v - an uncursed ring of sustain attributes
 B - an uncursed amulet of rage
 E - a ring of resist corrosion (left hand)
 O - an amulet of the gourmand (around neck)
 R - an uncursed ring of protection from magic
 W - a +2 amulet of reflection
Wands
 a - a wand of flame (24/48)
 b - a wand of heal wounds (3/9)
 s - a wand of enslavement (6/24)
 t - a wand of acid (3/15)
 F - a wand of digging (11/24)
 L - a wand of teleportation (2/9)
 M - a wand of confusion (18/48)
 T - a wand of iceblast (8/15)
Scrolls
 g - a scroll of magic mapping
 q - 10 scrolls of blinking
 x - 2 scrolls of enchant armour
 z - 21 scrolls of teleportation
 C - 7 scrolls of fear
 J - 20 scrolls of identify
 K - 16 scrolls of fog
 U - 20 scrolls of remove curse
Potions
 e - 2 potions of might
 i - a potion of cancellation
 n - 11 potions of heal wounds
 o - a potion of cure mutation
 p - 5 potions of resistance
 r - 21 potions of curing
 G - 3 potions of haste
 S - 2 potions of brilliance
Miscellaneous
 m - a lamp of fire
 u - a phial of floods
 D - a lamp of fire
 Z - a lamp of fire
Comestibles
 c - 31 bread rations
 P - 3 slices of pizza
 Q - 5 meat rations


   Skills:
 O Level 27 Fighting
 + Level 23.0 Maces & Flails
 O Level 27 Armour
 * Level 13.0 Dodging
 O Level 27 Shields
 * Level 17.0 Evocations


You had 26 spell levels left.
You didn't know any spells.

Dungeon Overview and Level Annotations

Branches:
Dungeon (15/15)            Temple (0/1) D:4            Lair (8/8) D:8
 Shoals (4/4) Lair:6        Snake (4/4) Lair:4        Slime (6/6) Lair:7
    Orc (2/2) D:11            Elf (3/3) Orc:2        Vaults (5/5) D:14
  Crypt (3/3) Vaults:3       Tomb (0/3) Crypt:3      Depths (5/5) D:15
    Zot (5/5) Depths:5

Altars:
Cheibriados
Dithmenos
Elyvilon
Fedhas
Gozag
Kikubaaqudgha
Nemelex Xobeh
Pakellas
Qazlal
Sif Muna
Vehumet
Xom
Yredelemnul
Zin
The Shining One
Lugonu

Shops:
D:6 (   Orc:1 %   Orc:2 (*%%   Elf:3 [   Snake:2 [   Vaults:4 (

Portals:
Hell: Depths:1 Depths:2 Depths:3 Depths:4 Depths:5
Abyss: Depths:1 Depths:3 Depths:4 Depths:5
Pandemonium: Depths:3 Depths:5
Ziggurat: Depths:5
Trove: D:12 (give wand of heal wounds (9))

Annotations:
D:3 exclusion: oklob plant
D:10 3 runed doors, exclusion: orange crystal statue
Lair:8 1 exclusion
Slime:6 Royal Jelly


Innate Abilities, Weirdness & Mutations

You are resistant to torment.
Your stone body is resilient (AC +20).
You are immune to poison.
Your large and strong wings let you fly indefinitely.
You resist negative energy.
You are resistant to electric shocks.
You can survive without breathing.
You are immune to petrification.
You are immune to rotting.
Scrolls take you much longer to read.
You are very clumsy. (Dex -4)
Your body often deteriorates upon taking damage.
You are dopey. (Int -2)
You are frail (-10% HP).
Your magical capacity is low (-10% MP).
You occasionally shout uncontrollably at your foes.
You are weak. (Str -2)
Potions and wands are less effective at restoring your health.
Your spells are easier to cast, but less powerful.
You expend magic power (3 MP) to strengthen your wands.


Message History

The acid blob is almost dead.
You block the acid blob's attack.
Unknown command.
There's nothing to close nearby.
Unknown command.
Evoke which item? (* to show all) (? for menu, Esc to quit)
Zapping:
b - a wand of heal wounds (4/9)
Press: ? - help, Shift-Dir - straight line, f - you You feel much better.
This wand has 3 charges left.
You block the acid blob's attack. The acid blob hits you!
* * * LOW HITPOINT WARNING * * *
You are splashed with acid!
The acid burns!
You resist.
* * * LOW HITPOINT WARNING * * *
Unknown command.
Your stone giant goes berserk!
You feel somewhat more hungry.
The acid blob hits you but does no damage.
Unknown command.
The acid blob hits you!!
You die...

##...............####.#...
##.#..............###.....
#...##............##......
#.........................
##........................
#........>............#...
##.#.............<........
####..#.....^......#......
##.#......@C.......###.#...
#.........J....#..###......
##.#..........#.##.###.....
##..................###....
#.........>.....##.## ##...
##..............#.## ##..
#.......#.<........# ##.
##................## ##
##.#.#..........#.#


You could see an acid blob and a friendly stone giant (berserk).

Vanquished Creatures
  Khufu (Crypt:2)
  8 orbs of fire
  Mara (Vaults:3)
  5 ancient liches
  2 greater mummies (Crypt:2)
  Margery (Depths:3)
  The ghost of nikopol the Executioner, a veteran MiBe of Trog (Vaults:5)
  Boris (Vaults:3)
  10 caustic shrikes
  3 curse toes
  3 Killer Klowns (Zot:5)
  The ghost of lorenzova the Sorcerer, a veteran DECj of Sif Muna (Depths:2)
  Nikola (Shoals:1)
  9 golden dragons
  Xtahua (Vaults:2)
  A bone dragon (Abyss:5)
  6 electric golems
  7 liches
  21 tentacled monstrosities
  3 quicksilver dragons
  25 Orb Guardians
  2 deep elf blademasters (Elf:2)
  14 acid blobs
  3 titans
  A tentacled starspawn (Abyss:3)
  4 sphinxes
  Gastronok (Orc:1)
  4 ancient champions
  14 death cobs
  9 shadow dragons
  9 tengu reavers
  Kirke (Lair:6)
  18 storm dragons
  5 draconian monks
  A kraken (Shoals:4)
  Ilsuiw (Shoals:4)
  6 revenants (Crypt:2)
  5 azure jellies
  An azure jelly (shapeshifter) (Depths:3)
  15 vault wardens
  6 greater nagas
  2 iron dragons
  7 deep elf sorcerers
  11 draconian knights
  Maud (D:11)
  15 frost giants
  3 draconian scorchers
  15 fire giants
  7 draconian zealots
  Aizul (Snake:3)
  4 ghost moths
  An orc warlord (Orc:1)
  Wiglaf (Elf:3)
  The ghost of jazmu the Blocker, an adept OpFE of Vehumet (D:14)
  3 balrugs
  4 deep elf elementalists
  18 ironheart preservers
  9 curse skulls
  6 draconian annihilators
  7 ghouls
  5 draconian shifters
  3 spriggan defenders
  35 stone giants
  7 war gargoyles
  An ophan (Abyss:3)
  A stone giant (shapeshifter) (Zot:4)
  14 very ugly things
  A caustic shrike skeleton (Crypt:2)
  9 vampire knights
  14 deep elf annihilators
  10 green draconians
  7 draconian callers
  7 deep elf demonologists
  4 salamander stormcallers
  6 red draconians
  13 black draconians
  A lorocyproca (Depths:3)
  8 mottled draconians
  8 yellow draconians
  15 purple draconians
  A spark wasp (shapeshifter) (Vaults:4)
  A dire elephant (D:15)
  A mottled draconian (shapeshifter) (Zot:4)
  5 spark wasps (Depths:3)
  9 white draconians
  2 merfolk javelineers (Shoals:4)
  2 eidola (Crypt:3)
  A green death (Depths:1)
  2 orange crystal statues
  10 merfolk impalers
  6 crystal guardians
  38 vault guards
  12 ettins
  14 deep elf death magi
  23 fire dragons
  A death ooze (Slime:6)
  14 rakshasas
  16 yaktaur captains
  12 jiangshi
  4 deep elf high priests
  8 entropy weavers
  A caustic shrike simulacrum (Depths:1)
  16 naga warriors
  25 ice dragons
  9 hydras
  An ice dragon (shapeshifter) (Depths:3)
  2 catoblepae
  12 great orbs of eyes
  Erolcha (D:9)
  7 spriggan air magi
  A ghost crab (shapeshifter) (Vaults:1)
  9 death knights
  4 centaur warriors
  20 ogre magi
  3 merfolk aquamancers
  13 death yaks
  A queen ant (Lair:6)
  A satyr (Shoals:2)
  7 merfolk avatars
  33 dancing weapons
  10 tengu warriors
  5 anacondas
  15 deep troll earth magi
  15 deep troll shamans
  4 orc high priests (Orc:2)
  A hell hog (shapeshifter) (Zot:4)
  9 naga sharpshooters
  10 thrashing horrors
  8 spriggan berserkers
  8 vampire magi
  The ghost of lorenzova the Thaumaturge, a journeyman DECj of Sif Muna (D:11)
  Urug (Lair:4)
  2 sun demons (Abyss:3)
  4 shock serpents
  18 hell knights
  11 soul eaters
  34 skeletal warriors
  18 deep elf knights
  A fire crab (shapeshifter) (Depths:5)
  2 fire crabs
  4 iron trolls (Depths:2)
  3 wretched stars (Abyss:3)
  6 shadow wraiths
  3 salamander mystics
  A ghost moth zombie (Crypt:3)
  A golden dragon zombie (Crypt:3)
  7 unseen horrors
  An anaconda zombie (Abyss:5)
  A spatial maelstrom (Abyss:3)
  13 wizards (D:14)
  36 deep trolls
  A kraken simulacrum (Shoals:4)
  A swamp dragon (shapeshifter) (Zot:4)
  A gelid demonspawn (Depths:3)
  10 sea snakes
  22 phantasmal warriors
  10 deep elf archers
  15 flayed ghosts
  A naga ritualist (Snake:4)
  13 ironbrand convokers
  5 giant orange brains
  An orb spider (Zot:4)
  16 harpies
  4 hill giants
  7 necromancers
  A stone giant zombie (Crypt:3)
  67 ugly things
  A mana viper (shapeshifter) (Vaults:4)
  10 mana vipers
  13 orc knights
  48 deep elf magi
  An iron dragon zombie (Crypt:1)
  2 fauns (Shoals:1)
  8 cyclopes
  A wolf spider (shapeshifter) (Vaults:5)
  A shining eye (shapeshifter) (Vaults:5)
  A faun (shapeshifter) (Vaults:5)
  A wolf spider zombie (D:15)
  2 fire giant zombies
  8 shining eyes
  A frost giant zombie (Depths:1)
  7 wolf spiders
  8 manticores
  11 orc sorcerers
  4 salamanders (shapeshifter)
  11 griffons
  A cyclops (shapeshifter) (D:15)
  A worldbinder (Abyss:3)
  3 hornets
  35 moths of wrath
  3 stone giant skeletons
  A shock serpent zombie (Crypt:3)
  9 salamanders
  3 guardian serpents (shapeshifter)
  An octopode (shapeshifter) (D:15)
  A manticore (shapeshifter) (Vaults:2)
  A frost giant skeleton (Crypt:1)
  20 black mambas
  An ice statue (IceCv)
  A titan simulacrum (Crypt:2)
  An apocalypse crab (Abyss:5)
  An eye of devastation (Slime:2)
  11 sirens
  2 rust devils (Depths:3)
  3 guardian serpents
  A centaur zombie (D:15)
  A dire elephant zombie (Crypt:2)
  17 vault sentinels
  6 gargoyles
  13 naga magi
  5 water nymphs
  11 spiny frogs
  9 smoke demons
  A rime drake (Lair:6)
  An orange demon (Abyss:5)
  9 large abominations
  3 efreet
  2 kobold demonologists (Vaults:2)
  A torpor snail (shapeshifter) (Vaults:4)
  39 yaktaurs
  A yaktaur (shapeshifter) (Zot:4)
  4 yaktaur skeletons
  A death yak skeleton (Crypt:1)
  3 tengu conjurers
  17 freezing wraiths
  5 human skeletons
  A jumping spider (shapeshifter) (Abyss:3)
  3 guardian mummies
  6 komodo dragons
  5 ancient zymes
  6 harpy zombies (Zot:4)
  A hydra zombie (Crypt:3)
  A polar bear (shapeshifter) (Depths:2)
  A golden dragon simulacrum (Crypt:2)
  A queen bee (shapeshifter) (Elf:3)
  3 red devils (Crypt:3)
  16 merfolk
  A wind drake (Shoals:3)
  8 trolls
  2 jumping spiders
  A boulder beetle (shapeshifter) (Depths:3)
  An ettin zombie (Crypt:3)
  18 polar bears (IceCv)
  38 two-headed ogres
  12 raiju
  A spriggan zombie (Depths:1)
  Prince Ribbit (D:7)
  A blink frog (shapeshifter) (Elf:1)
  3 bog bodies (Crypt:2)
  2 deep troll zombies (Depths:1)
  9 boulder beetles
  12 blink frogs
  A snapping turtle (shapeshifter) (Vaults:5)
  9 snapping turtles
  139 slime creatures
  15 air elementals
  19 redbacks
  23 flying skulls
  6 shadows
  3 centaur simulacra (D:12)
  4 wyverns
  An ice dragon skeleton (Crypt:2)
  4 spriggans
  55 yaks
  A ynoxinul (Abyss:5)
  3 ettin skeletons (Vaults:3)
  7 starcursed masses (Abyss:3)
  5 vampires (Crypt:3)
  3 tarantellas
  13 water elementals
  11 wraiths
  Eustachio (D:6)
  Grum (D:8)
  12 hippogriffs
  A human (shapeshifter) (Depths:2)
  20 golden eyes
  2 basilisks
  2 fire elementals
  12 vampire mosquitoes
  5 hungry ghosts
  2 neqoxecs
  5 mottled dragons
  2 yaktaur simulacra
  6 chaos spawn
  9 wargs
  An insubstantial wisp (Abyss:3)
  A water nymph zombie (Crypt:1)
  49 nagas
  21 soldier ants
  14 water moccasins
  Duvessa (D:7)
  2 hell hounds (shapeshifter) (Vaults:4)
  A giant eyeball (shapeshifter) (Vaults:4)
  13 porcupines
  A deep troll skeleton (Crypt:2)
  3 giant eyeballs
  13 ice beasts
  4 sky beasts
  3 wasps
  49 orc warriors
  5 phantoms
  7 necrophages
  An alligator simulacrum (Abyss:5)
  80 ogres
  9 eyes of draining
  6 boggarts
  33 wolves
  A boggart (shapeshifter) (Depths:1)
  11 centaurs
  14 crocodiles
  12 small abominations
  A yaktaur zombie (Crypt:1)
  8 big kobolds
  25 giant frogs
  A glowing shapeshifter simulacrum (Depths:1)
  4 earth elementals
  Dowan (D:7)
  A water moccasin zombie (D:12)
  5 scorpions
  A wyvern skeleton (D:6)
  A water moccasin skeleton (Crypt:2)
  A boulder beetle zombie (Crypt:1)
  6 killer bees
  A raiju zombie (Crypt:2)
  7 wights
  2 polar bear zombies
  A spriggan skeleton (Abyss:3)
  7 howler monkeys
  5 electric eels
  4 crimson imps
  6 hounds
  A human zombie (Crypt:1)
  4 quasits
  37 jellies
  42 orc priests
  Crazy Yiuf (D:3)
  4 centaur skeletons
  A giant frog skeleton (D:4)
  An iron imp (Depths:3)
  48 orc wizards
  7 iguanas
  Terence (D:2)
  Natasha (twice) (D:3)
  32 worker ants
  31 sheep
  A killer bee zombie (D:5)
  3 giant frog simulacra (D:12)
  A mottled dragon zombie (Crypt:2)
  A tengu zombie (Crypt:2)
  A naga skeleton (Crypt:3)
  A hound skeleton (D:6)
  7 mummies (Crypt:1)
  7 gnolls
  86 river rats
  11 adders
  5 shadow imps
  A white imp (Depths:3)
  3 ufetubi
  An ooze (D:4)
  A worm (D:5)
  An adder zombie (D:10)
  An iguana skeleton (Crypt:2)
  3 dart slugs
  4 giant geckos
  118 orcs
  13 bats
  4 giant cockroaches
  4 goblins
  4 hobgoblins
  24 jackals
  8 quokkas
  4 ball pythons
  4 giant newts
  A giant newt zombie (Crypt:2)
  53 kobolds
  An orc zombie (Crypt:3)
  4 quokka skeletons
  19 rats
  A butterfly (Zot:4)
  A lurking horror (Abyss:3)
  A plant (Lair:8)
  4 tentacles (Shoals:4)
3298 creatures vanquished.

Vanquished Creatures (collateral kills)
  Saint Roka (Vaults:2)
  Asterion (Depths:1)
  An acid blob (Slime:4)
  2 tengu reavers (Vaults:4)
  An azure jelly (Slime:4)
  A vault warden (Vaults:4)
  2 death oozes (Slime:6)
  A great orb of eyes (Depths:1)
  An ice dragon (Vaults:4)
  A rakshasa (Depths:1)
  A tengu warrior (Depths:1)
  A moth of wrath (Zot:1)
  A komodo dragon (Lair:2)
  A slime creature (Slime:4)
  A spriggan (shapeshifter) (Vaults:4)
  2 yaks (Lair:6)
  A hippogriff (Lair:2)
  4 orc warriors (Vaults:2)
  3 wolves (Lair:2)
  A jelly (Slime:6)
  An orc (Vaults:2)
29 creatures vanquished.

Vanquished Creatures (others)
  A golden dragon (Depths:5)
  2 deep elf master archers
  A draconian scorcher (Zot:5)
  3 deep elf elementalists
  An ironheart preserver (Vaults:4)
  3 stone giants
  2 merfolk javelineers (Shoals:4)
  4 yaktaur captains
  4 centaur warriors
  2 satyrs (Shoals:3)
  A merfolk aquamancer (Shoals:4)
  An ogre mage (Depths:1)
  A shadow wraith (Vaults:3)
  A deep troll (Vaults:5)
  10 deep elf archers
  2 deep elf magi (Vaults:2)
  A necromancer (Vaults:2)
  A moth of wrath (Zot:5)
  A cyclops (Shoals:4)
  A naga mage (Snake:1)
  A vault sentinel (Vaults:5)
  A smoke demon (Abyss:3)
  A black mamba (Snake:4)
  9 yaktaurs
  A merfolk (Shoals:4)
  A raiju (Zot:4)
  An air elemental (Depths:5)
  2 humans (Lair:6)
  An ogre (Vaults:4)
  6 centaurs
  A jelly (D:13)
  An orc (Orc:1)
  30 fungi
  11 lost souls
  33 plants
  5 starspawn tentacles (Abyss:3)
  6 tentacles (Shoals:4)
  67 tentacle segments (Shoals:4)
  14 toadstools (D:3)
235 creatures vanquished.

Grand Total: 3562 creatures vanquished

Notes
Turn   | Place    | Note
--------------------------------------------------------------
     0 | D:1      | theElss the Gargoyle Berserker began the quest for the Orb.
     0 | D:1      | Reached XP level 1. HP: 14/14 MP: 1/1
    83 | D:1      | Reached XP level 2. HP: 16/19 MP: 2/2
   394 | D:1      | Reached ** piety under Trog
   416 | D:1      | Found a sparkling altar of Nemelex Xobeh.
   642 | D:2      | Reached XP level 3. HP: 20/24 MP: 3/3
   757 | D:2      | Noticed Terence
   766 | D:2      | Killed Terence
   766 | D:2      | Reached XP level 4. HP: 29/29 MP: 4/4
  1534 | D:3      | Found a blossoming altar of Fedhas.
  1563 | D:3      | Noticed an oklob plant
  1801 | D:3      | HP: 1/29 [shadow imp/nerve-wracking pain (14)]
  2178 | D:3      | Noticed Crazy Yiuf
  2187 | D:3      | Killed Crazy Yiuf
  2415 | D:4      | Reached XP level 5. HP: 32/33 MP: 5/5
  2422 | D:4      | Reached *** piety under Trog
  2553 | D:4      | Noticed Natasha
  2746 | D:3      | Killed Natasha
  2748 | D:3      | Noticed Natasha
  2764 | D:3      | Killed Natasha
  2792 | D:4      | Reached XP level 6. HP: 38/38 MP: 6/6
  3373 | D:4      | Found a staircase to the Ecumenical Temple.
  3416 | D:4      | Noticed a phantom
  3486 | D:4      | Killed a phantom
  3486 | D:4      | Reached XP level 7. HP: 44/44 MP: 7/7
  3638 | D:4      | Found a deep blue altar of Sif Muna.
  3717 | D:5      | Entered Level 5 of the Dungeon
  3750 | D:5      | Reached skill level 5 in Maces & Flails
  4029 | D:5      | Got a scorched war axe
  4030 | D:5      | Identified the +3 war axe "Hell-Harrower" {venom, +Inv rPois rC- Stlth+} (You found it on level 5 of the Dungeon)
  4268 | D:5      | Noticed an angel
  4269 | D:5      | Found a glowing silver altar of Zin.
  4270 | D:5      | Found a shimmering altar of Xom.
  4293 | D:5      | Reached skill level 5 in Fighting
  4357 | D:5      | Reached **** piety under Trog
  4438 | D:5      | Reached skill level 1 in Shields
  4523 | D:5      | Reached XP level 8. HP: 49/49 MP: 8/8
  4901 | D:5      | Reached skill level 5 in Shields
  4994 | D:5      | Reached ***** piety under Trog
  5432 | D:6      | Reached XP level 9. HP: 45/54 MP: 9/9
  5438 | D:6      | Noticed Eustachio
  5482 | D:6      | Killed Eustachio
  6161 | D:6      | Found Ewka's Weapon Shop.
  6345 | D:6      | Found an ancient bone altar of Kikubaaqudgha.
  6346 | D:6      | Found a deep blue altar of Sif Muna.
  6351 | D:6      | Found a shadowy altar of Dithmenos.
  6351 | D:6      | Found a snail-covered altar of Cheibriados.
  6351 | D:6      | Found an opulent altar of Gozag.
  6356 | D:6      | Found a sparkling altar of Nemelex Xobeh.
  6357 | D:6      | Found an oddly glowing altar of Pakellas.
  6427 | D:6      | Reached skill level 10 in Shields
  6497 | D:7      | Noticed Duvessa
  6502 | D:7      | Noticed Dowan
  6514 | D:7      | Killed Duvessa
  6526 | D:7      | Killed Dowan
  6541 | D:7      | Noticed Prince Ribbit
  7041 | D:7      | Reached XP level 10. HP: 55/59 MP: 10/10
  7590 | D:7      | Reached ****** piety under Trog
  8033 | D:7      | Received a gift from Trog
  8087 | D:7      | Killed Prince Ribbit
  8251 | D:7      | Found a basalt altar of Yredelemnul.
  8416 | D:8      | Reached skill level 10 in Maces & Flails
  8547 | D:8      | Found a staircase to the Lair.
  8889 | D:8      | Found a glowing golden altar of the Shining One.
  9114 | D:8      | Noticed Grum
  9129 | D:8      | Received a gift from Trog
  9170 | D:8      | Killed Grum
  9614 | D:9      | Noticed Erolcha
  9624 | D:9      | Killed Erolcha
  9919 | D:9      | Reached XP level 11. HP: 63/63 MP: 11/11
 10329 | D:9      | Found a stormy altar of Qazlal.
 10430 | D:10     | Entered Level 10 of the Dungeon
 10452 | D:10     | Received a gift from Trog
 10548 | D:10     | Found a runed door.
 10580 | D:10     | Found a runed door.
 10630 | D:10     | Noticed a hill giant
 10638 | D:10     | Killed a hill giant
 10827 | D:10     | Found a runed door.
 10838 | D:10     | Found a runed door.
 11196 | D:10     | Noticed an orange crystal statue
 11264 | D:11     | Noticed lorenzova's ghost (journeyman DECj)
 11312 | D:11     | Killed lorenzova's ghost
 11330 | D:11     | Noticed Maud
 11440 | Lair:1   | Entered Level 1 of the Lair of Beasts
 13276 | Lair:3   | Received a gift from Trog
 13381 | Lair:3   | Reached XP level 12. HP: 66/68 MP: 12/12
 13735 | Lair:3   | Noticed a five-headed hydra
 13741 | Lair:3   | Killed a five-headed hydra
 13828 | Lair:4   | Reached skill level 15 in Maces & Flails
 13888 | Lair:3   | Noticed an eight-headed hydra
 13899 | Lair:3   | Killed an eight-headed hydra
 13899 | Lair:3   | Received a gift from Trog
 14155 | Lair:4   | Noticed Urug
 14169 | Lair:4   | Killed Urug
 14407 | Lair:4   | Found a staircase to the Snake Pit.
 14420 | Lair:4   | Noticed a seven-headed hydra
 14431 | Lair:4   | Killed a seven-headed hydra
 15498 | Lair:5   | Found a white marble altar of Elyvilon.
 16233 | Lair:6   | Noticed a death yak
 16234 | Lair:6   | Noticed a death yak
 16235 | Lair:6   | Noticed a death yak
 16237 | Lair:6   | Noticed a death yak
 16237 | Lair:6   | Noticed a death yak
 16240 | Lair:6   | Noticed a death yak
 16240 | Lair:6   | Noticed a death yak
 16258 | Lair:5   | Killed a death yak
 16258 | Lair:5   | Reached skill level 5 in Armour
 16348 | Lair:5   | Killed a death yak
 16449 | Lair:5   | Killed a death yak
 16449 | Lair:5   | Reached XP level 13. HP: 74/74 MP: 13/13
 17282 | Lair:6   | Received a gift from Trog
 17471 | Lair:6   | Noticed Kirke
 17483 | Lair:6   | Killed Kirke
 17597 | Lair:6   | Found a staircase to the Shoals.
 18654 | Lair:7   | Reached skill level 10 in Fighting
 18952 | Lair:7   | Reached skill level 5 in Dodging
 19106 | Lair:7   | Gained mutation: Your large and strong wings let you fly indefinitely. [Gargoyle growth]
 19106 | Lair:7   | Reached XP level 14. HP: 84/88 MP: 14/14
 19318 | Lair:7   | Found a staircase to the Slime Pits.
 19423 | Lair:7   | Reached skill level 10 in Armour
 19442 | Lair:7   | Received a gift from Trog
 20165 | Lair:8   | Entered Level 8 of the Lair of Beasts
 21107 | Lair:8   | Received a gift from Trog
 21376 | D:11     | Killed Maud
 21514 | D:11     | Found a staircase to the Orcish Mines.
 21910 | D:11     | Identified a scroll of acquirement
 22425 | D:12     | Found a portal to a secret trove of treasure.
 22581 | D:12     | Found a frozen archway.
 22637 | IceCv    | Entered an ice cave
 22721 | IceCv    | Received a gift from Trog
 23455 | IceCv    | Noticed a frost giant
 23479 | IceCv    | Reached XP level 15. HP: 99/99 MP: 15/15
 23493 | IceCv    | Killed a frost giant
 23783 | IceCv    | Got a heavily runed plate armour
 23964 | IceCv    | Identified the +10 plate armour of the Furies {rF+} (You found it in an ice cave)
 25027 | D:13     | Received a gift from Trog
 25477 | Orc:1    | Entered Level 1 of the Orcish Mines
 25591 | Orc:1    | Found Seliwy's Food Boutique.
 25594 | Orc:1    | Paralysed by an orc sorcerer for 5 turns
 25637 | Orc:1    | Noticed Gastronok
 25650 | Orc:1    | Killed Gastronok
 25970 | Orc:2    | Entered Level 2 of the Orcish Mines
 26166 | Orc:1    | Received a gift from Trog
 26495 | Orc:2    | Noticed an orc warlord
 26622 | Orc:1    | Killed an orc warlord
 26696 | Orc:2    | Paralysed by an orc sorcerer for 6 turns
 26770 | Orc:2    | Found a staircase to the Elven Halls.
 26839 | Orc:2    | Received a gift from Trog
 27449 | Orc:2    | Reached skill level 15 in Fighting
 27586 | Orc:2    | Found Xuppec's General Store.
 27589 | Orc:2    | Found Haneytai's Food Shop.
 27590 | Orc:2    | Found Ronugoem's Food Shop.
 27715 | Orc:2    | Found Sagronwy's Weapon Boutique.
 27718 | Orc:2    | Bought a scroll of identify for 34 gold pieces
 28381 | D:14     | Found a gate to the Vaults.
 28717 | D:14     | Reached XP level 16. HP: 110/110 MP: 16/16
 28760 | D:14     | Noticed jazmu's ghost (adept OpFE)
 28773 | D:14     | Killed jazmu's ghost
 28800 | D:14     | Paralysed by a wizard for 3 turns
 28859 | D:14     | Received a gift from Trog
 29208 | D:14     | Paralysed by a wizard for 7 turns
 29292 | D:15     | Entered Level 15 of the Dungeon
 29881 | D:15     | Reached skill level 1 in Evocations
 30080 | D:15     | Found a staircase to the Depths.
 30361 | Snake:1  | Entered Level 1 of the Snake Pit
 30772 | Snake:1  | Noticed a greater naga
 30783 | Snake:1  | Killed a greater naga
 30783 | Snake:1  | Received a gift from Trog
 31659 | Snake:2  | Found Laypt's Antique Armour Boutique.
 32435 | Snake:3  | Noticed Aizul
 32461 | Snake:3  | Killed Aizul
 32488 | Snake:3  | Noticed a greater naga
 32512 | Snake:3  | Killed a greater naga
 32512 | Snake:3  | Reached XP level 17. HP: 117/117 MP: 20/20
 32694 | Snake:3  | Received a gift from Trog
 32941 | Snake:4  | Entered Level 4 of the Snake Pit
 33205 | Snake:4  | Reached skill level 5 in Evocations
 33760 | Snake:4  | Received a gift from Trog
 34291 | Snake:4  | Reached skill level 15 in Shields
 34631 | Snake:4  | Got a serpentine rune of Zot
 34985 | Shoals:1 | Entered Level 1 of the Shoals
 35095 | Shoals:1 | Noticed Nikola
 35125 | Shoals:1 | Killed Nikola
 35125 | Shoals:1 | Reached XP level 18. HP: 71/123 MP: 22/24
 36274 | Shoals:2 | Received a gift from Trog
 36879 | Shoals:3 | Reached skill level 10 in Evocations
 37692 | Shoals:4 | Entered Level 4 of the Shoals
 38031 | Shoals:4 | Got a smoking pewter amulet
 38064 | Shoals:4 | Identified the amulet of the Cockroach {Inacc rN+} (You found it on level 4 of the Shoals)
 38103 | Shoals:4 | Received a gift from Trog
 38495 | Shoals:4 | Noticed Ilsuiw
 38539 | Shoals:4 | Reached skill level 15 in Armour
 38823 | Shoals:4 | Killed Ilsuiw
 38965 | Shoals:4 | Got a barnacled rune of Zot
 39501 | Shoals:4 | Received a gift from Trog
 39501 | Shoals:4 | Reached XP level 19. HP: 125/130 MP: 27/27
 40276 | Vaults:1 | Entered Level 1 of the Vaults
 40787 | Vaults:1 | Paralysed by an ogre mage for 2 turns
 40815 | Vaults:1 | Received a gift from Trog
 41433 | Vaults:1 | Found a flickering gateway to a bazaar.
 41450 | Bazaar   | Entered a bazaar
 41450 | Bazaar   | Found Ruinlye's Jewellery Boutique.
 41450 | Bazaar   | Found Joun's Armour Shoppe.
 41450 | Bazaar   | Found Hus Ushrelua's Assorted Antiques.
 41450 | Bazaar   | Found Waigof's Magic Scroll Shoppe.
 41452 | Bazaar   | Found Fiesaoca's Antique Weapon Emporium.
 41457 | Bazaar   | Bought a blackened cabochon ring for 75 gold pieces
 41502 | Bazaar   | Bought the +3 warlock's mirror {reflect} for 427 gold pieces
 41502 | Bazaar   | Bought a heavily runed plate armour for 420 gold pieces
 41502 | Bazaar   | Bought a potion of resistance for 150 gold pieces
 41502 | Bazaar   | Bought a potion of curing for 45 gold pieces
 41502 | Bazaar   | Bought a potion of haste for 150 gold pieces
 41502 | Bazaar   | Bought a scroll of fear for 52 gold pieces
 41502 | Bazaar   | Bought a scroll of teleportation for 45 gold pieces
 41516 | Bazaar   | Bought a scroll of teleportation for 51 gold pieces
 41516 | Bazaar   | Bought a scroll of teleportation for 51 gold pieces
 41516 | Bazaar   | Bought a scroll of identify for 34 gold pieces
 41516 | Bazaar   | Bought a scroll of identify for 34 gold pieces
 41516 | Bazaar   | Bought a scroll of identify for 34 gold pieces
 41516 | Bazaar   | Bought a scroll of identify for 34 gold pieces
 41537 | Bazaar   | Identified the +2 plate armour of Noon {MP+9 Str+4} (You bought it in a shop in a bazaar)
 42844 | Vaults:2 | Received a gift from Trog
 42992 | Vaults:2 | Noticed Xtahua
 43014 | Vaults:2 | Killed Xtahua
 43113 | Vaults:2 | Noticed Saint Roka
 43236 | Vaults:2 | Killed Saint Roka
 43461 | Vaults:2 | Reached XP level 20. HP: 108/136 MP: 28/28
 43495 | Vaults:2 | Found Quton's Jewellery Boutique.
 44228 | Vaults:2 | Received a gift from Trog
 44482 | Vaults:3 | Noticed Boris
 44515 | Vaults:3 | Killed Boris
 45485 | Vaults:3 | Received a gift from Trog
 46257 | Vaults:3 | Found a staircase to the Crypt.
 46323 | Vaults:3 | Noticed Mara
 46333 | Vaults:3 | Noticed theElss's illusion
 46353 | Vaults:3 | Killed Mara
 46353 | Vaults:3 | Reached XP level 21. HP: 112/144 MP: 29/29
 46422 | Vaults:3 | Received a gift from Trog
 46435 | Vaults:3 | Found a stormy altar of Qazlal.
 46912 | Vaults:4 | Found Vyxasunk's Weapon Emporium.
 47695 | Vaults:4 | Received a gift from Trog
 48725 | Depths:1 | Entered Level 1 of the Depths
 48725 | Depths:1 | Found a gateway to Hell.
 48953 | Depths:1 | Received a gift from Trog
 49033 | Depths:1 | Noticed Asterion
 49070 | Depths:1 | HP: 6/145 [Asterion/demon trident of freezing (4)]
 49084 | Depths:1 | Killed Asterion
 49311 | Depths:1 | Found a magical portal.
 49323 | WizLab   | Entered Wucad Mu's Monastery
 50783 | Depths:1 | Found a one-way gate to the infinite horrors of the Abyss.
 51049 | Depths:1 | Reached XP level 22. HP: 67/152 MP: 30/30
 52037 | Depths:1 | Found a runed door.
 52140 | Depths:1 | Received a gift from Trog
 52620 | Depths:1 | Identified Hodi's Reference Book on the Noxious Frostbite (You found it on level 1 of the Depths)
 53660 | Depths:2 | Received a gift from Trog
 53750 | Depths:2 | Noticed lorenzova's ghost (veteran DECj)
 53771 | Depths:2 | Killed lorenzova's ghost
 54472 | Depths:2 | Noticed a caustic shrike
 54483 | Depths:2 | Killed a caustic shrike
 54963 | Depths:2 | Received a gift from Trog
 55121 | Depths:2 | Reached XP level 23. HP: 153/158 MP: 31/31
 55325 | Depths:3 | Found a one-way gate leading to the halls of Pandemonium.
 56447 | Depths:3 | Received a gift from Trog
 56495 | Depths:3 | Paralysed by something for 5 turns
 56682 | Depths:3 | Noticed a caustic shrike
 56689 | Depths:3 | Noticed a caustic shrike
 56689 | Depths:3 | Noticed a caustic shrike
 56689 | Depths:3 | Killed a caustic shrike
 56692 | Depths:3 | Noticed a caustic shrike
 56701 | Depths:3 | Killed a caustic shrike
 56710 | Depths:3 | Killed a caustic shrike
 56723 | Depths:3 | Killed a caustic shrike
 56723 | Depths:3 | Received a gift from Trog
 57115 | Depths:3 | Noticed Margery
 57454 | Depths:3 | Killed Margery
 57505 | Depths:3 | Paralysed by a giant eyeball for 4 turns
 57516 | Depths:3 | Paralysed by a giant eyeball for 3 turns
 57907 | Depths:3 | Paralysed by a giant eyeball for 3 turns
 58078 | Depths:3 | Received a gift from Trog
 58621 | Depths:3 | Noticed a caustic shrike
 58640 | Depths:3 | Killed a caustic shrike
 58704 | Depths:3 | Noticed a caustic shrike
 58713 | Depths:3 | Noticed a caustic shrike
 58716 | Depths:3 | Noticed a caustic shrike
 58728 | Depths:3 | Killed a caustic shrike
 58728 | Depths:3 | Reached XP level 24. HP: 123/168 MP: 31/31
 58739 | Depths:3 | Noticed a caustic shrike
 58745 | Depths:3 | Killed a caustic shrike
 58747 | Depths:3 | Killed a caustic shrike
 58758 | Depths:3 | Killed a caustic shrike
 59243 | Depths:3 | Received a gift from Trog
 60115 | Depths:4 | Found a corrupted altar of Lugonu.
 61322 | Depths:4 | Received a gift from Trog
 61443 | Depths:5 | Entered Level 5 of the Depths
 62246 | Depths:5 | Reached XP level 25. HP: 172/175 MP: 31/31
 62371 | Depths:5 | Found a gateway to a ziggurat.
 62460 | Depths:5 | Found a gate to the Realm of Zot.
 63057 | Depths:5 | Received a gift from Trog
 63610 | Crypt:1  | Entered Level 1 of the Crypt
 63707 | Crypt:1  | Paralysed by a vampire knight for 2 turns
 64246 | Crypt:1  | Paralysed by a vampire knight for 2 turns
 64255 | Crypt:1  | Noticed a greater mummy
 64436 | Crypt:1  | Noticed Khufu
 64615 | Crypt:1  | Noticed a greater mummy
 64635 | Crypt:2  | Killed a greater mummy
 64857 | Crypt:2  | Killed Khufu
 65205 | Crypt:2  | Killed a greater mummy
 65919 | Crypt:2  | Reached skill level 27 in Shields
 66311 | Crypt:2  | Got an ancient ivory amulet
 66312 | Crypt:2  | Identified the amulet "Fawk" {RegenMP *Confuse Str+6 Int+5} (You took it off a skeletal warrior on level 2 of the Crypt)
 67324 | Crypt:2  | Reached XP level 26. HP: 172/184 MP: 31/31
 67412 | Crypt:3  | Entered Level 3 of the Crypt
 68091 | Crypt:3  | Identified Kikubaaqudgha's Handbook of Darkness (You found it on level 3 of the Crypt)
 68096 | Crypt:3  | Got a shimmering lead ring
 68103 | Crypt:3  | Identified the ring of the Messenger {rC+ Dex+3} (You found it on level 3 of the Crypt)
 68881 | Crypt:3  | Found a staircase to the Tomb.
 69450 | Crypt:3  | Got a scorched flail
 69451 | Crypt:3  | Identified the +8 flail "Ovvop" {freeze, rElec rPois rF+++ Str-2} (You found it on level 3 of the Crypt)
 69777 | Crypt:3  | Found an ancient bone altar of Kikubaaqudgha.
 69779 | Crypt:3  | Noticed an ancient lich
 69795 | Crypt:3  | Cast into level 5 of the Abyss (an ancient lich)
 69795 | Abyss:5  | Entered Level 5 of the Abyss
 69817 | Abyss:5  | Received a gift from Trog
 70062 | Abyss:5  | Gained mutation: You are frail (-10% HP). [a neqoxec]
 70071 | Crypt:3  | Escaped the Abyss
 70087 | Crypt:3  | Noticed an ancient lich
 70106 | Crypt:3  | Cast into level 5 of the Abyss (an ancient lich)
 70106 | Abyss:5  | Entered Level 5 of the Abyss
 70106 | Abyss:5  | Found a corrupted altar of Lugonu.
 70106 | Abyss:5  | Found a corrupted altar of Lugonu.
 70242 | Abyss:5  | Found a corrupted altar of Lugonu.
 70302 | Crypt:3  | Escaped the Abyss
 70328 | Crypt:3  | Killed an ancient lich
 70335 | Crypt:3  | Killed an ancient lich
 70452 | Crypt:3  | Got a warped mace
 70453 | Crypt:3  | Identified the +8 mace of the Gnat {freeze, +Fly Str+4} (You found it on level 3 of the Crypt)
 71904 | Crypt:3  | Got a crystal arbalest
 72344 | Crypt:2  | Got a twisted chain mail
 73238 | D:11     | Got a bone short sword
 73444 | Depths:1 | Got a transparent hunting sling
 73458 | Depths:1 | Got an ebony dagger
 73630 | Depths:3 | Got a bronze troll leather armour
 73642 | Depths:3 | Got a steaming glaive {chop}
 73682 | Depths:3 | Got an iridescent falchion {freeze}
 74124 | Lair:2   | Identified the +5 chain mail "Diew" {rC+} (You found it on level 2 of the Crypt)
 74135 | Lair:2   | Identified the +2 troll leather armour of Ideepudiom {*Contam rPois rF+ Regen+} (You took it off a fire giant on level 3 of the Depths)
 74144 | Lair:2   | Gained mutation: Scrolls take you a little longer to read. [mutagenic glow]
 74368 | Elf:1    | Entered Level 1 of the Elven Halls
 74977 | Elf:1    | Received a gift from Trog
 75929 | Elf:2    | Found a runed gate.
 75929 | Elf:2    | Found a runed gate.
 75930 | Elf:2    | Found a runed gate.
 76073 | Elf:2    | Reached XP level 27. HP: 175/176 MP: 31/31
 76842 | Elf:2    | Received a gift from Trog
 77243 | Elf:3    | Entered Level 3 of the Elven Halls
 77444 | Elf:3    | Noticed Wiglaf
 77477 | Elf:3    | Killed Wiglaf
 77696 | Elf:3    | Found Ruuxzyme's Antique Armour Boutique.
 78875 | Elf:2    | Got a translucent ivory ring
 79723 | Elf:2    | Identified the ring of Eceiciar {rElec rC+++ MR- Str+2 Int-5 Stlth-} (You found it on level 2 of the Elven Halls)
 79746 | Elf:2    | Got a pitted silver ring
 79977 | Elf:2    | Identified the ring of Loasarebb {rF+ MR- Str+3} (You took it off a deep elf elementalist on level 2 of the Elven Halls)
 80110 | Elf:3    | Received a gift from Trog
 80441 | Elf:3    | Got a dazzling mace {god gift}
 80477 | Elf:3    | Got an ichor-stained plate armour
 80487 | Elf:3    | Identified the +7 mace of Dawn {freeze, *Contam rF++ SInv Stlth+} (Trog gifted it to you on level 3 of the Elven Halls)
 80529 | Elf:3    | Gained mutation: Your spells are a little easier to cast, but a little less powerful. [mutagenic glow]
 80631 | Elf:3    | Identified the cursed +1 plate armour of the Planets {*Corrode Str+7 Int+4 Stlth+} (You found it on level 3 of the Elven Halls)
 81217 | Elf:2    | Got a shimmering dagger {venom}
 81230 | Elf:3    | Got a dazzling dagger {freeze}
 81465 | Lair:2   | Identified the +8 dagger of Ekaixtia {venom, rF+++ rC+} (You took it off a deep elf annihilator on level 2 of the Elven Halls)
 81466 | Lair:2   | Identified the +4 dagger "Lull" {freeze, +Fly rC+ MR+} (You took it off a deep elf annihilator on level 3 of the Elven Halls)
 81841 | Vaults:5 | Entered Level 5 of the Vaults
 82473 | Vaults:5 | Reached skill level 27 in Fighting
 82620 | Vaults:5 | Noticed nikopol's ghost (veteran MiBe)
 82670 | Vaults:5 | Killed nikopol's ghost
 83530 | Vaults:5 | Received a gift from Trog
 84434 | Vaults:5 | Got a scorched ring mail
 84490 | Vaults:5 | Gained mutation: You expend magic power (3 MP) to strengthen your wands. [a shining eye]
 85173 | Vaults:4 | Received a gift from Trog
 85521 | Lair:2   | Identified the +10 ring mail "Raeh" {rF+ rC+ Regen+} (You took it off a vault warden on level 5 of the Vaults)
 85881 | Vaults:5 | Cast into level 3 of the Abyss (war gargoyle)
 86642 | Vaults:5 | Escaped the Abyss
 86988 | Vaults:5 | Got an iridescent mace {freeze}
 87012 | Vaults:5 | Identified a +2 pair of boots of running (You found it on level 5 of the Vaults)
 87641 | Vaults:5 | Received a gift from Trog
 87849 | Vaults:5 | Identified the Incunabulum of Boosting Fire
 87928 | Vaults:5 | Got a silver rune of Zot
 88271 | Vaults:5 | Got a brightly glowing scale mail
 88864 | Zot:1    | Entered Level 1 of the Realm of Zot
 89663 | Zot:1    | Noticed an orb of fire
 89690 | Zot:1    | Killed an orb of fire
 89762 | Zot:1    | Received a gift from Trog
 91495 | Zot:1    | Reached skill level 10 in Dodging
 93291 | Lair:2   | Identified the +8 mace of Ebbenwir {freeze, *Corrode +Inv SInv} (You took it off an ogre mage on level 5 of the Vaults)
 93311 | Lair:2   | Identified the +2 scale mail of the Eternal Fruit {rElec Dex+4} (You found it on level 5 of the Vaults)
 93388 | D:8      | Received a gift from Trog
 93401 | D:8      | Got a bloodstained short sword {god gift}
 93402 | D:8      | Identified the +5 short sword "Mesua" {venom, *Contam rF+ Str+4 Stlth+} (Trog gifted it to you on level 8 of the Dungeon)
 93447 | D:10     | Gained mutation: Your spells are easier to cast, but less powerful. [mutagenic glow]
 93984 | Zot:3    | Reached skill level 15 in Evocations
 96850 | Zot:4    | Received a gift from Trog
 98610 | Zot:4    | Found a radiant altar of Vehumet.
 98647 | Zot:5    | Entered Level 5 of the Realm of Zot
 98978 | Zot:5    | Reached skill level 27 in Armour
 99085 | Zot:5    | Noticed an orb of fire
 99087 | Zot:5    | Gained mutation: Scrolls take you longer to read. [an orb of fire]
 99104 | Zot:5    | Killed an orb of fire
 99555 | Zot:5    | Noticed an ancient lich
 99757 | Zot:5    | Killed an ancient lich
 99941 | Zot:5    | Noticed an orb of fire
100273 | Zot:5    | Noticed an ancient lich
100280 | Zot:5    | Killed an ancient lich
100654 | Zot:5    | Received a gift from Trog
100762 | Zot:5    | Noticed an orb of fire
100786 | Zot:5    | Killed an orb of fire
101121 | Zot:5    | Noticed an orb of fire
101123 | Zot:5    | Gained mutation: Scrolls take you much longer to read. [an orb of fire]
101152 | Zot:5    | Gained mutation: You are weak. (Str -2) [an orb of fire]
101171 | Zot:5    | Gained mutation: Your body sometimes deteriorates upon taking damage. [an orb of fire]
101173 | Zot:5    | Noticed an orb of fire
101173 | Zot:5    | Killed an orb of fire
101187 | Zot:5    | Gained mutation: Your magical capacity is low (-10% MP). [an orb of fire]
101194 | Zot:5    | Killed an orb of fire
101261 | Zot:5    | Noticed an ancient lich
101418 | Zot:5    | Killed an ancient lich
101439 | Zot:5    | Noticed an orb of fire
101456 | Zot:5    | Lost mutation: Scrolls take you much longer to read. [an orb of fire]
101468 | Zot:5    | Gained mutation: You occasionally shout uncontrollably at your foes. [an orb of fire]
101472 | Zot:5    | Killed an orb of fire
101776 | Zot:5    | Gained mutation: Scrolls take you much longer to read. [an orb of fire]
101787 | Zot:5    | Killed an orb of fire
102255 | Zot:5    | Noticed an orb of fire
102288 | Zot:5    | Killed an orb of fire
104060 | Slime:1  | Entered Level 1 of the Pits of Slime
105270 | Lair:7   | Received a gift from Trog
105709 | Slime:1  | Gained mutation: Potions and wands are less effective at restoring your health. [a shining eye]
105710 | Slime:1  | Gained mutation: You are clumsy. (Dex -2) [a shining eye]
106370 | Slime:3  | Gained mutation: You are dopey. (Int -2) [a shining eye]
106372 | Slime:3  | Gained mutation: Your body often deteriorates upon taking damage. [a shining eye]
107062 | Slime:3  | Received a gift from Trog
107591 | Slime:2  | Gained mutation: You are very clumsy. (Dex -4) [a shining eye]
108137 | Slime:2  | Paralysed by a great orb of eyes for 5 turns
108686 | Slime:4  | Paralysed by a giant eyeball for 4 turns
109983 | Slime:6  | Entered Level 6 of the Pits of Slime
110134 | Slime:6  | Received a gift from Trog
110506 | Slime:6  | Noticed the Royal Jelly
110549 | Slime:4  | Slain by an acid blob

Skill      XL: |  1  2  3  4  5  6  7  8  9 10 11 12 13 14 15 16 17 18 19 20 21 22 23 24 25 26 27 |
---------------+----------------------------------------------------------------------------------+-----
Dodging        | 2 3 4 5 6 13 | 13.0
Fighting       | 4 5 6 10 13 15 17 18 19 20 21 22 23 26 27 | 27.0
Maces & Flails | 4 5 7 11 14 16 23 | 23.0
Armour         | 3 4 5 9 11 13 14 15 20 21 27 | 27.0
Shields        | 1 7 10 12 15 17 19 22 23 25 27 | 27.0
Evocations     | 4 8 10 17 | 17.0

Action                   |  1- 3 |  4- 6 |  7- 9 | 10-12 | 13-15 | 16-18 | 19-21 | 22-24 | 25-27 || total
-------------------------+-------+-------+-------+-------+-------+-------+-------+-------+-------++-------
Melee: Mace              |    73 |   221 |   163 |   807 |   838 |    12 |   524 |   200 |  1619 ||  4457
       Flail             |       |       |   473 |   420 |       |       |       |       |  6479 ||  7372
       Demon whip        |       |       |       |       |  1102 |  1717 |  2173 |  2235 |   232 ||  7459
       Morningstar       |       |       |       |       |       |       |   185 |       |       ||   185
Invok: Berserk           |     1 |     8 |     8 |    16 |    11 |       |     8 |    11 |    29 ||    92
       Trog's Hand       |       |     1 |       |     2 |     1 |       |     6 |     1 |     8 ||    19
       Brothers in Arms  |       |       |       |     1 |     1 |       |     3 |       |     7 ||    12
 Abil: Fly               |       |       |       |       |     1 |       |       |       |       ||     1
Evoke: Wand              |       |       |       |       |       |       |       |       |     3 ||     3
  Use: Potion            |       |     2 |       |       |       |       |     1 |       |     4 ||     7
       Scroll            |       |       |       |    14 |     8 |    11 |     2 |     1 |    24 ||    60
 Stab: Confused          |       |       |       |       |       |       |     2 |       |       ||     2
       Distracted        |       |       |       |       |       |       |       |       |     2 ||     2
  Eat: Chunk             |       |    13 |    15 |    40 |    54 |    28 |    35 |    41 |   132 ||   358
       Fruit             |       |     3 |       |     6 |       |     2 |       |     2 |     3 ||    16
       Beef jerky        |       |     1 |       |       |       |     1 |       |       |     9 ||    11
       Meat ration       |       |       |     1 |       |       |       |     2 |     1 |    10 ||    14
       Pizza             |       |       |     1 |     2 |       |     3 |     4 |     1 |     6 ||    17
Armor: Animal skin       |    20 |       |       |       |       |       |       |       |       ||    20
       Scale mail        |     6 |   127 |   361 |   221 |       |       |       |       |       ||   715
       Plate armour      |       |       |       |    72 |   555 |   569 |  1543 |   779 |  1269 ||  4787
       Chain mail        |       |       |       |       |       |       |       |       |   375 ||   375
       Gold dragon armou |       |       |       |       |       |       |       |       |  1981 ||  1981
Dodge: Dodged            |    61 |   135 |   284 |   205 |   205 |   230 |   544 |   335 |  1572 ||  3571
Block: Large shield      |       |       |   483 |   939 |  1362 |  1539 |  2880 |  2078 |  8521 || 17802
       Reflection        |       |       |       |       |    16 |   166 |   115 |   108 |   207 ||   612
       Buckler           |       |       |       |       |       |       |   208 |    92 |   531 ||   831
